 Dungeon Crawl Stone Soup version 0.30-b1-2-g02819fbbbe (webtiles) character file.

Game seed: 122135743547492304

15309 redmage the Thaumaturge (level 12, 0/81 HPs)
             Began as a Meteoran Ice Elementalist on July 31, 2023.
             Was a Believer of Sif Muna.
             Slain by a skyshark (8 damage)
             ... on level 5 of the Lair of Beasts.
             The game lasted 00:45:59 (2941 turns).

redmage the Thaumaturge (Meteoran Ice Elementalist) Turns: 2941, Time: 00:46:00

Health: 0/81       AC: 28    Str: 11    XL:     12   Next: 92%
Magic:  21/30      EV: 12    Int: 22    God:    Sif Muna [**....]
Gold:   752        SH:  0    Dex: 14    Spells: 24/38 levels left

rFire   . . .        n - +1 dire flail (protect)
rCold   . . .        (shield currently unavailable)
rNeg    . . .        s - +2 robe {Will+}
rPois   .            y - +0 helmet
rElec   .            l - +1 cloak
rCorr   .            g - +0 pair of gloves
SInv    .            (no boots)
Will    ++...        B - amulet of the acrobat
Stlth   +            A - +4 ring of protection
HPRegen 0.33/turn    (no ring)
MPRegen 0.22/turn

%: acrobat
@: ice-armoured, under a protective aura, freezing walls, hasted, glowing, very
quick
A: sense surroundings 2, otherworldly, glowing, explore regen
a: Renounce Religion, Channel Magic


You were on level 5 of the Lair of Beasts.
You worshipped Sif Muna.
Sif Muna was pleased with you.
You visited 3 branches of the dungeon, and saw 17 of its levels.
You also visited: Ossuary.

You collected 752 gold pieces.

Inventory:

Hand Weapons
 n - a +1 dire flail of protection (weapon)
 o - a +1 scimitar of flaming
Missiles
 j - 19 poisoned darts
 k - 3 boomerangs
 q - 5 javelins
 t - a throwing net
Armour
 g - a +0 pair of gloves (worn)
 l - a +1 cloak (worn)
 s - a +2 robe of willpower (worn)
 y - a +0 helmet (worn)
Jewellery
 u - a ring of ice
 A - a +4 ring of protection (left hand)
 B - an amulet of the acrobat (around neck)
Wands
 a - a wand of quicksilver (11)
 e - a wand of flame (15)
 m - a wand of paralysis (9)
Scrolls
 r - a scroll of blinking
 w - 3 scrolls of immolation
 C - a scroll of fog
Potions
 b - a potion of magic
 c - 2 potions of might
 d - 3 potions of degeneration {unknown}
 f - 4 potions of curing
 h - 2 potions of flight {unknown}
 i - 3 potions of attraction {unknown}
 p - 4 potions of heal wounds {unknown}
 v - 4 potions of haste
 x - a potion of invisibility {unknown}
 z - 2 potions of brilliance {unknown}
 D - a potion of mutation {unknown}
 E - a potion of ambrosia {unknown}


   Skills:
 - Level 2.4 Dodging
 - Level 1.4 Stealth
 * Level 13.9 Spellcasting
 - Level 11.9 Summonings
 - Level 10.3 Ice Magic
 + Level 11.8 Invocations


You had 24 spell levels left.
You knew the following spells:

 Your Spells              Type           Power      Damage    Failure   Level
a - Freeze                Ice            100%       1d10      1%          1
b - Frozen Ramparts       Ice            100%       1d16      1%          3
c - Ozocubu's Armour      Ice            57%        N/A       1%          3
d - Summon Ice Beast      Ice/Summ       59%        N/A       1%          4
e - Tukima's Dance        Hex            15%        N/A       12%         3

Your spell library contained the following spells:

 Spells                   Type           Power      Damage    Failure   Level
 Hailstorm                Conj/Ice       38%        3d9       1%          3
 Beastly Appendage        Tmut           30%        N/A       4%          1
 Ice Form                 Ice/Tmut       38%        N/A       4%          4
 Wereblood                Tmut           15%        N/A       6%          2
 Inner Flame              Hex/Fire       15%        N/A       12%         3
 Portal Projectile        Hex/Tloc       30%        N/A       12%         3
 Spider Form              Tmut/Pois      15%        N/A       12%         3
 Simulacrum               Ice/Necr       19%        N/A       58%         6
 Blade Hands              Tmut           7%         N/A       75%         5
 Yara's Violent Unravell  Hex/Tmut       7%         3d5       75%         5
 Summon Horrible Things   Summ           30%        N/A       90%         8
 Malign Gateway           Summ/Tloc      20%        N/A       96%         7
 Enfeeble                 Hex            7%         N/A       100%        7


Dungeon Overview and Level Annotations

Branches:
Dungeon (11/15) Zot: 4436  Temple (1/1) D:7 Zot: 587    Lair (5/5) D:9 Zot: 2340
 Spider (0/4) Lair:3        Slime (0/5) Lair:5      Ossuary (visited)
  Swamp: Lair:2-3    Shoals: Lair:2-3       Orc: D:9-12

Altars:
Ashenzari
Cheibriados
Dithmenos
Elyvilon
Fedhas
Gozag
Hepliaklqana
Kikubaaqudgha
Makhleb
Okawaru
Qazlal
Ru
Sif Muna
Trog
Uskayaw
Vehumet
Wu Jian
Xom
Yredelemnul
Zin
The Shining One

Shops:
D:7 *


Innate Abilities, Weirdness & Mutations

You passively map the area around you.
You are easily found by Zot.
You glow in the dark.
You regain HP and MP as you explore.


Message History

The skyshark tail-slaps you but does no damage. x2
Unknown command.
Unknown command.
You puncture the skyshark!
The skyshark is moderately wounded.
Your ice beast barely misses the skyshark.
The wall freezes the skyshark!
The skyshark bites you but does no damage.
The skyshark tail-slaps you but does no damage.
The skyshark closely misses you.
Unknown command.
Unknown command.
You barely miss the skyshark.
The skyshark is moderately wounded.
Your ice beast hits the skyshark.
Your ice beast freezes the skyshark!!
The skyshark seems to slow down.
The wall freezes the skyshark.
The skyshark seems to slow down.
The skyshark bites you!
* * * LOW HITPOINT WARNING * * *
The skyshark misses you. The skyshark barely misses you.
Unknown command.
Unknown command.
You sock the skyshark!
The skyshark is heavily wounded.
Your ice beast barely misses the skyshark.
The wall freezes the skyshark but does no damage.
The skyshark bites you but does no damage.
The skyshark closely misses you.
The skyshark tail-slaps you but does no damage.
The wall freezes the fire crab but does no damage.
Your ice beast hits the skyshark but does no damage.
The wall freezes the skyshark but does no damage.
The skyshark bites you!
* * * LOW HITPOINT WARNING * * *
The skyshark tail-slaps you but does no damage.
The skyshark barely misses you.
It was a potion of haste.
You feel yourself speed up.
Your ice beast hits the skyshark.
Your ice beast freezes the skyshark!
The wall freezes the skyshark!
The skyshark barely misses you. The skyshark tail-slaps you!
You die...

* ,, , , ........ P..* ,
.#### .#....##..#
.......##.......#.## , *
,#........!.#..#....# , ,
...................## , ,
....................#. ,
#.......#....(((P..... **
,........lY..(.PP......, ,
,........t@...P......P. ,
,
,.........#.............*
##....P####........P.##.+#
#....## ##.<.....##..... *
, #... #...#...##..... *
#.# #.†..#......#.# # * *
##†#..##....... * *
#.#####....... * #.#,*
........


You could see a skyshark (berserk, slow, ally target), a fire crab and a
friendly ice beast (summoned).

Vanquished Creatures
  A hydra (Lair:2)
  A death yak (D:9)
  Erica (D:8)
  A lindwurm (Lair:5)
  2 cane toads
  A komodo dragon (Lair:4)
  A troll (D:10)
  Prince Ribbit (D:8)
  6 blink frogs
  4 dream sheep (Lair:4)
  Sigmund (D:2)
  2 wyverns (Lair:3)
  4 yaks (Lair:5)
  Eustachio (D:5)
  A basilisk (Lair:2)
  Edmund (D:5)
  5 water moccasins
  Duvessa (D:6)
  A sky beast (D:5)
  A black bear (D:6)
  An ogre (D:7)
  9 wolves
  A centaur (D:7)
  2 phantoms (D:5)
  2 kobold brigands
  3 bullfrogs
  5 scorpions
  Dowan (D:6)
  2 hounds
  2 jellies (D:6)
  Crazy Yiuf (D:5)
  A gnoll bouda (D:9)
  3 iguanas (D:5)
  2 orc wizards (D:6)
  5 mummies (Ossuary)
  4 gnolls (D:9)
  6 adders
  A river rat (D:9)
  A white imp (D:8)
  2 ufetubi (D:5)
  3 dart slugs
  6 orcs (D:6)
  An endoplasm (D:1)
  A giant cockroach (D:1)
  A gnoll zombie (Ossuary)
  A goblin (D:2)
  2 hobgoblins
  3 jackals (D:1)
  13 kobolds
  2 quokkas (D:9)
  3 ball pythons
  3 bats
  A hobgoblin zombie (Ossuary)
  A kobold zombie (Ossuary)
  2 orc zombies (Ossuary)
  A rat (D:1)
135 creatures vanquished.

Vanquished Creatures (collateral kills)
  A hydra (Lair:2)
  2 death yaks (D:9)
  3 komodo dragons
  2 rime drakes
  A troll (D:10)
  6 blink frogs
  2 dream sheep (Lair:4)
  2 yaks (Lair:5)
  A basilisk (Lair:4)
  3 bullfrogs
  3 wights (D:8)
  An electric eel (Lair:1)
  A hound (D:5)
  A jelly (D:5)
  A nameless horror (D:5)
  3 mummies (Ossuary)
  2 white imps
  A kobold zombie (Ossuary)
  2 orc zombies (Ossuary)
38 creatures vanquished.

Vanquished Creatures (others)
  A goblin (D:1)
  6 fungi
  7 plants
14 creatures vanquished.

Grand Total: 187 creatures vanquished

Notes
Turn   | Place    | Note
-------+----------+-------------------------------------------
     0 | D:1      | redmage the Meteoran Ice Elementalist began the quest for
                  | the Orb.
     0 | D:1      | Reached XP level 1. HP: 14/14 MP: 5/5
    29 | D:1      | Reached XP level 2. HP: 11/20 MP: 0/6
   104 | D:1      | Reached skill level 3 in Spellcasting
   173 | D:2      | Reached XP level 3. HP: 26/26 MP: 3/8
   210 | D:2      | Noticed Sigmund
   242 | D:1      | Learned a level 3 spell: Frozen Ramparts
   246 | D:1      | Learned a level 3 spell: Ozocubu's Armour
   301 | D:2      | Killed Sigmund
   302 | D:2      | Reached skill level 4 in Spellcasting
   302 | D:2      | Reached XP level 4. HP: 23/33 MP: 0/11
   302 | D:2      | Reached XP level 5. HP: 26/38 MP: 0/12
   302 | D:2      | Reached XP level 6. HP: 31/45 MP: 0/13
   324 | D:3      | Found a broken altar of Ashenzari.
   501 | D:4      | Learned a level 4 spell: Summon Ice Beast
   563 | D:5      | Entered Level 5 of the Dungeon
   592 | D:5      | Reached skill level 1 in Summonings
   609 | D:5      | Reached skill level 5 in Spellcasting
   609 | D:5      | Reached XP level 7. HP: 42/50 MP: 9/15
   612 | D:5      | Noticed Eustachio
   622 | D:5      | Killed Eustachio
   655 | D:5      | Found a radiant altar of Vehumet.
   655 | D:5      | Noticed a water moccasin
   662 | D:5      | Killed a water moccasin
   664 | D:5      | Reached XP level 8. HP: 56/57 MP: 10/16
   693 | D:5      | Reached skill level 5 in Summonings
   781 | D:5      | Found a runed translucent door.
   782 | D:5      | Noticed Crazy Yiuf
   790 | D:5      | Killed Crazy Yiuf
   897 | D:5      | Noticed Edmund
   906 | D:5      | Killed Edmund
   946 | D:5      | Gained mutation: You passively map the area around you.
                  | [Meteoran growth]
   946 | D:5      | Reached XP level 9. HP: 59/62 MP: 12/17
  1136 | D:6      | Noticed Duvessa
  1136 | D:6      | Noticed Dowan
  1142 | D:6      | Killed Duvessa
  1145 | D:6      | Killed Dowan
  1190 | D:6      | Found an iron altar of Okawaru.
  1381 | D:6      | Found a blossoming altar of Fedhas.
  1381 | D:6      | Found a white marble altar of Elyvilon.
  1457 | D:7      | Found a sand-covered staircase.
  1462 | Ossuary  | Entered an ossuary
  1689 | D:7      | Found a hazy altar of Hepliaklqana.
  1755 | D:7      | Found a staircase to the Ecumenical Temple.
  1768 | Temple   | Entered the Ecumenical Temple
  1776 | Temple   | Became a worshipper of Sif Muna the Loreminder
  1814 | D:7      | Found Nif Tuho's Fire Supplies.
  1878 | D:7      | Reached skill level 10 in Summonings
  1912 | D:8      | Noticed Erica
  1923 | D:8      | Killed Erica
  1924 | D:8      | Reached skill level 10 in Ice Magic
  1924 | D:8      | Reached XP level 10. HP: 69/69 MP: 4/18
  2066 | D:8      | Noticed Prince Ribbit
  2072 | D:8      | Killed Prince Ribbit
  2113 | D:10     | Entered Level 10 of the Dungeon
  2124 | D:10     | Reached skill level 1 in Invocations
  2178 | D:10     | Reached * piety under Sif Muna
  2186 | D:10     | Reached skill level 6 in Spellcasting
  2245 | D:9      | Noticed a death yak
  2245 | D:9      | Noticed a death yak
  2257 | D:9      | Killed a death yak
  2266 | D:9      | Killed a death yak
  2267 | D:9      | Reached skill level 7 in Spellcasting
  2267 | D:9      | Reached skill level 5 in Invocations
  2267 | D:9      | Reached XP level 11. HP: 44/74 MP: 6/23
  2269 | D:9      | Found a staircase to the Lair.
  2272 | D:9      | Noticed a death yak
  2297 | D:9      | Killed a death yak
  2298 | D:9      | Reached skill level 8 in Spellcasting
  2313 | Lair:1   | Entered Level 1 of the Lair of Beasts
  2326 | Lair:1   | Reached skill level 9 in Spellcasting
  2366 | Lair:1   | Learned a level 3 spell: Tukima's Dance
  2416 | Lair:2   | Reached skill level 10 in Spellcasting
  2421 | Lair:2   | Reached ** piety under Sif Muna
  2464 | Lair:1   | Reached skill level 11 in Spellcasting
  2487 | Lair:1   | Reached XP level 12. HP: 71/81 MP: 28/28
  2504 | Lair:2   | Noticed a four-headed hydra
  2511 | Lair:2   | Killed a four-headed hydra
  2512 | Lair:2   | Reached skill level 10 in Invocations
  2581 | Lair:2   | Noticed a four-headed hydra
  2593 | Lair:2   | Killed a four-headed hydra
  2626 | Lair:3   | Found a hole to the Spider Nest.
  2626 | Lair:3   | Noticed an orb spider
  2678 | Lair:4   | Reached skill level 12 in Spellcasting
  2689 | Lair:5   | Entered Level 5 of the Lair of Beasts
  2693 | Lair:5   | Noticed a lindwurm
  2712 | Lair:5   | Killed a lindwurm
  2769 | Lair:4   | Reached skill level 13 in Spellcasting
  2879 | Lair:5   | Found a staircase to the Slime Pits.
  2929 | Lair:5   | Noticed a skyshark
  2935 | Lair:5   | Noticed a fire crab
  2941 | Lair:5   | Slain by a skyshark

Illustrated notes

Levels and vault maps discovered:
D:1:      dpeg_arrival_simpleton_a, layout_basic, kennysheep_decorative_pillar,
          minmay_hedge_maze, minmay_misc_feat_columns
D:2:      layout_basic, uniq_natasha, uniq_sigmund
D:3:      minmay_inner_zag, layout_rooms, ashenzari_conservatory_becter,
          uniq_pargi, uniq_ijyb
D:4:      layout_basic, serial_shops, shop, uniq_menkaure
D:5:      layout_basic, nicolae_overflow_crystal_walls, uniq_eustachio,
          uniq_edmund, uniq_crazy_yiuf_cottage
D:6:      layout_loops_ring, kennysheep_okawaru_gauntlet,
          nicolae_overflow_two_pavilions, uniq_duvessa
D:7:      minmay_recursive_quarters, layout_cave_pools,
          worldfamousw_hep_ancestral_shrine, minmay_temple_entry_offerings,
          enter_ossuary_2, hangedman_decor_push, minivault_11,
          nicolae_shop_fire_sale [nicolae_sub_dead_trees],
          hangedman_abyss_or_decor_lesser_grid
D:8:      layout_basic, nemelex_diamond_rough_becter, uniq_erica,
          uniq_prince_ribbit1
D:9:      layout_small_grid, dpeg_lair_monsters, serial_shops, shop
D:10:     layout_loops_ring
D:11:     layout_layer_cave, orc_0_dummy, uniq_josephine
Temple:   hellmonk_temple_two_chambers
Lair:1:   wander_river, layout_gridlike, nicolae_quartered_pool_little,
          chequers_serial_rivers_room_b, serial_bayou_shore_b
Lair:2:   layout_roguey, beast_lair_carwin_2, grunt_megastairs_5,
          serial_bayou_shore_b, infiniplex_staircase_pool
Lair:3:   layout_cave_pods, minmay_shoals_entry_hut,
          nicolae_spider_entry_orb_guardian, serial_bayou_ford_a,
          chequers_serial_rivers_large_a
Lair:4:   layout_long_grid, grunt_megastairs_4
Lair:5:   hellmonk_lair_end_abyssal_woods, layout_loops_ring, slime_entry_1,
          special_room [special_room_mythical_zoo], lemuel_fruit_tree,
          grunt_megastairs_2

Skill      XL: |  1  2  3  4  5  6  7  8  9 10 11 12 |
---------------+-------------------------------------+-----
Spellcasting   | 3 4 5 7 11 13 | 13.9
Ice Magic      | 6 7 8 10 | 10.3
Summonings     | 2 4 7 11 | 11.9
Invocations    | 5 9 11 | 11.8
Dodging        | |  2.4
Stealth        | |  1.4

Action                     |  1- 3 |  4- 6 |  7- 9 | 10-12 || total
---------------------------+-------+-------+-------+-------++-------
  Melee: Unarmed           |     2 |       |       |       ||     2
         Falchion          |       |       |    23 |       ||    23
         Dire flail        |       |       |    75 |   129 ||   204
   Cast: Freeze            |    25 |    21 |    13 |    10 ||    69
         Frozen Ramparts   |     1 |     3 |    30 |    28 ||    62
         Ozocubu's Armour  |     1 |     1 |    12 |    22 ||    36
         Summon Ice Beast  |       |     1 |    12 |    21 ||    34
    Use: Scroll            |       |     3 |     7 |     2 ||    12
         Potion            |       |       |     1 |     1 ||     2
 Armour: Robe              |     6 |     9 |    43 |   120 ||   178
  Dodge: Dodged            |    18 |    10 |    61 |   111 ||   200
